 Dungeon Sprint DCSS version 0.24.0-37-gcf1ca852f1 (webtiles) character file.

Game seed: 17081793267260309627, levelgen mode: deterministic

701 Groucho the Covert (level 7, -8/32 HPs)
             Began as a Spriggan Enchanter on Nov 24, 2019.
             Mangled by a tyrant leech (26 damage)
             ... in the Dungeon (Sprint II: "The Violet Keep of Menkaure").
             The game lasted 00:05:51 (1204 turns).

Groucho the Covert (Spriggan Enchanter)             Turns: 1204, Time: 00:05:51

Health: -8/32      AC:  3    Str:  6    XL:     7   Next: 38%
Magic:  11/21      EV: 23    Int: 17    God:
Gold:   337        SH:  0    Dex: 16    Spells: 8/26 levels left

rFire    . . .     SeeInvis +   a - +1 dagger
rCold    . . .     Gourm    .   (shield restricted)
rNeg     . . .     Faith    .   b - +0 robe
rPois    .         Spirit   .   (helmet restricted)
rElec    .         Reflect  .   c - +0 cloak
rCorr    .         Harm     .   (gloves unavailable)
MR       +....     NoTele   +   (boots unavailable)
Stlth    +++++.....             (no amulet)
HPRegen  0.10/turn              (no ring)
MPRegen  0.17/turn              (no ring)

@: very quick
A: very small, unfitting armour, see invisible, herbivore, speed 3, slow
metabolism 2
a: no special abilities


You were in the Dungeon.
You were not hungry.

You visited 1 branch You collected 972 gold pieces.
You spent 635 gold pieces at shops.

Inventory:

Hand Weapons
 a - a +1 dagger (weapon)
Armour
 b - a +0 robe (worn)
 c - a +0 cloak (worn)
Scrolls
 j - a scroll of blinking
Potions
 e - a potion of curing
 f - a potion of heal wounds
 g - a potion of haste
 h - 2 potions of magic
Comestibles
 d - a ration


   Skills:
 + Level 5.4 Short Blades
 + Level 7.7 Dodging
 + Level 13.3 Stealth
 + Level 10.3 Spellcasting
 + Level 10.6 Hexes


You had 8 spell levels left.
You knew the following spells:

 Your Spells              Type           Power        Failure   Level  Hunger
a - Corona                Hex            #####..      1%          1    None
b - Ensorcelled Hibernat  Hex/Ice        ####..       1%          2    None
c - Confuse               Hex            #####...     1%          3    None
d - Dazzling Spray        Conj/Hex       ####..       2%          3    None
e - Tukima's Dance        Hex            #####...     1%          3    None
f - Invisibility          Hex            #####...     16%         6    ######.

Your spell library contained the following spells:

 Spells                   Type           Power        Failure   Level  Hunger
 Apportation              Tloc           #.....       9%          1    None
 Summon Butterflies       Summ           #.......     9%          1    None
 Lesser Beckoning         Tloc           #.........   24%         3    None
 Alistair's Intoxication  Tmut/Pois      #.......     92%         5    #####..


Dungeon Overview and Level Annotations

Branches:
Dungeon (1/1)

Altars:
Qazlal
Wu Jian
The Shining One

Shops:
D =[::=[!(!}%}?%*:

Annotations:
D exclusion: oklob plant, Roxanne


Innate Abilities, Weirdness & Mutations

You are very small and have problems with some larger weapons.
You are too small for most types of armour.
You have supernaturally acute eyesight. (SInv)
You are a herbivore.
You cover ground extremely quickly.
You need to consume almost no food.


Message History

Confirm with . or Enter, or press ? or * to list all spells.
Aiming: Dazzling Spray (safe; 2% risk of failure)
Press: ? - help, Shift-Dir - straight line, f/p - tyrant leech
Aim: a tyrant leech (lightly wounded)
The spray of energy hits the tyrant leech but does no damage.
The tyrant leech is lightly wounded.
The tyrant leech is dazzled.
There is an open door here.
Casting: Dazzling Spray (safe; 2% risk of failure)
Confirm with . or Enter, or press ? or * to list all spells.
Okay, then.
Casting: Dazzling Spray (safe; 2% risk of failure)
Confirm with . or Enter, or press ? or * to list all spells.
Aiming: Ensorcelled Hibernation (safe; 1% risk of failure)
Press: ? - help, Shift-Dir - straight line, f/p - tyrant leech
Aim: a tyrant leech (lightly wounded, blind, hasn't noticed you, chance to defeat MR: 37%)
The tyrant leech easily resists.
The tyrant leech is no longer blind.
The tyrant leech bites you!!
Ouch! That really hurt!
You die...

####≈≈≈... ....#
...#≈≈≈≈.##+##..#
..∩#≈≈≈≈###..##.####
.∩.#≈≈≈≈#.##..#....#
∩.∩#≈≈####.#.####..##
.∩.#≈##.###'###.##..#
∩.†#≈#...##.##...#..#
...'≈'.#.'.<.'###w..###
...#≈#.).##.##..@#....###..
▓###≈##.###'###.##......≈≈≈
####≈≈####.#.####≈≈.....≈#+
##≈≈≈#..#..#≈≈≈≈§≈≈..≈#. G
+#≈###.###≈≈≈≈≈≈≈≈.≈#_ #
≈≈##+##≈≈≈≈≈≈§§≈≈≈#. #; ≈≈
≈≈≈≈≈≈≈§≈§§≈≈≈#_
#'''#≈§§§≈≈§§§#.
§≈≈.##§≈§###§§#_


You could see a tyrant leech.

Vanquished Creatures
  A merfolk siren (D)
  A tyrant leech (D)
  A crocodile (D)
  4 worker ants (D)
  3 worms (D)
10 creatures vanquished.

Vanquished Creatures (others)
  Menkaure (D)
  A crocodile (D)
2 creatures vanquished.

Grand Total: 12 creatures vanquished

Notes
Turn   | Place    | Note
-------+----------+-------------------------------------------
     0 | D        | Groucho the Spriggan Enchanter began the quest for the Orb.
     0 | D        | Reached XP level 1. HP: 9/9 MP: 5/5
     1 | D        | Noticed a merfolk siren
     5 | D        | Noticed a tyrant leech
     5 | D        | Noticed a tyrant leech
    13 | D        | Noticed a worker ant
    13 | D        | Noticed a worker ant
    13 | D        | Noticed a worker ant
    13 | D        | Noticed a worker ant
    18 | D        | Killed a worker ant
    18 | D        | Reached skill level 5 in Stealth
    18 | D        | Reached XP level 2. HP: 13/13 MP: 6/8
    25 | D        | Reached skill level 5 in Dodging
    25 | D        | Reached skill level 6 in Stealth
    25 | D        | Reached skill level 5 in Hexes
    25 | D        | Reached XP level 3. HP: 8/16 MP: 7/10
    29 | D        | Reached skill level 7 in Stealth
    29 | D        | Reached XP level 4. HP: 11/21 MP: 7/11
    32 | D        | Reached skill level 5 in Spellcasting
    71 | D        | Killed Menkaure
   127 | D        | Killed a crocodile
   439 | D        | Learned a level 2 spell: Ensorcelled Hibernation
   443 | D        | Learned a level 3 spell: Confuse
   447 | D        | Learned a level 3 spell: Dazzling Spray
   451 | D        | Learned a level 3 spell: Tukima's Dance
   643 | D        | Killed a merfolk siren
   643 | D        | Reached skill level 12 in Stealth
   643 | D        | Reached XP level 5. HP: 24/24 MP: 12/17
   643 | D        | Reached XP level 6. HP: 28/28 MP: 13/19
   649 | D        | Found Zisirip's Food Shop.
   649 | D        | Found Kiviumey's Gadget Boutique.
   649 | D        | Found Xamyr's Book Shop.
   649 | D        | Found Cotey's Food Boutique.
   649 | D        | Found Leeg Uki's Magic Scroll Boutique.
   649 | D        | Found Hueq's Assorted Antiques.
   650 | D        | Found Hevaph's Gadget Shop.
   650 | D        | Found Alevasei's Distillery.
   650 | D        | Found Leunehekk's Antique Weapon Shop.
   651 | D        | Found Goocu's Distillery.
   651 | D        | Found Hiras's Antique Armour Boutique.
   651 | D        | Noticed a wyvern
   654 | D        | Found Cout Neng's Jewellery Boutique.
   654 | D        | Found Cuna Pis's Book Shop.
   654 | D        | Noticed a wyvern
   654 | D        | Noticed an oklob plant
   655 | D        | Found Fiuqar's Antique Armour Shop.
   655 | D        | Found Esodawn's Book Shoppe.
   655 | D        | Found Seiseu's Jewellery Boutique.
   659 | D        | Noticed a shining eye
   660 | D        | Noticed a shining eye
   683 | D        | Bought a book of Party Tricks for 500 gold pieces
   690 | D        | Learned a level 6 spell: Invisibility
   693 | D        | Reached skill level 10 in Hexes
   730 | D        | Bought a cloak for 135 gold pieces
   777 | D        | Killed a tyrant leech
   777 | D        | Reached skill level 5 in Short Blades
   777 | D        | Reached skill level 13 in Stealth
   777 | D        | Reached skill level 10 in Spellcasting
   777 | D        | Reached XP level 7. HP: 32/32 MP: 3/21
  1122 | D        | Found a glowing golden altar of the Shining One.
  1122 | D        | Found an ornate altar of the Wu Jian Council.
  1145 | D        | Identified Roxanne's Compendium of Changing
  1145 | D        | Noticed Roxanne
  1147 | D        | Found a stormy altar of Qazlal.
  1204 | D        | Mangled by a tyrant leech

Levels and vault maps discovered:
D:        the_violet_keep_of_menkaure [sprint2_stairs_cluster_1,
          sprint2_shoproom, sprint2_temple, sprint2_basic_supplies,
          sprint2_obstacle_6, sprint2_obstacle_3, sprint2_obstacle_2,
          sprint2_obstacle_7, sprint2_obstacle_4, sprint2_timed_cluster_1,
          sprint2_smallroom_cluster_1, sprint2_smallroom_final_cluster_1,
          sprint2_transparent_cluster_1, sprint2_second_timed_cluster_1,
          sprint2_sniper_area_1, sprint2_heavy_combat_area_1,
          sprint2_mutation_trap_area_1, sprint2_forest_area_1,
          sprint2_light_combat_area_1, sprint2_behind_water_1,
          sprint2_near_end_vault_1]

Skill      XL: |  1  2  3  4  5  6 |
---------------+-------------------+-----
Short Blades   | 2 3 4 5 |  5.4
Dodging        | 4 5 6 7 |  7.7
Stealth        | 5 6 7 12 13 | 13.3
Spellcasting   | 4 9 10 | 10.3
Hexes          | 4 5 9 10 | 10.6

Action                   |  1- 3 |  4- 6 |  7- 9 || total
-------------------------+-------+-------+-------++-------
Melee: Dagger            |    15 |    12 |       ||    27
 Cast: Ensorcelled Hiber |       |     6 |     1 ||     7
       Dazzling Spray    |       |     5 |     4 ||     9
  Use: Potion            |     1 |       |       ||     1
 Stab: Sleeping          |       |     5 |       ||     5
       Invisible         |       |     1 |       ||     1
Armor: Robe              |     1 |       |       ||     1
Dodge: Dodged            |     4 |     5 |       ||     9
